 Dungeon Crawl Stone Soup version 0.29.0-11-gd7f09526c8 (webtiles) character file.

Game seed: 14555169133686760868

1 spiderkeys the Vexing (level 1, -1/13 HPs)
             Began as a Vampire Enchanter on Sept 2, 2022.
             Frozen to death by an endoplasm (4 damage)
             ... on level 1 of the Dungeon.
             The game lasted 00:00:22 (92 turns).

spiderkeys the Vexing (Vampire Enchanter)             Turns: 92, Time: 00:00:23

Health: -1/13      AC:  2    Str:  7    XL:     1   Next: 16%
Magic:  3/3        EV: 12    Int: 17    God:
Gold:   0          SH:  0    Dex: 14    Spells: 4/4 levels left

rFire   . . .      SeeInvis +   a - +1 dagger
rCold   . . .      Faith    .   (no shield)
rNeg    . . .      Spirit   .   b - +0 robe
rPois   .          Reflect  .   (no helmet)
rElec   .          Harm     .   (no cloak)
rCorr   .          Rampage  .   (no gloves)
Will    .....                   (no boots)
Stlth   +++.......              (no amulet)
HPRegen 0.24/turn               (no ring)
MPRegen 0.08/turn               (no ring)

@: healing quickly
A: alive, fangs 3, see invisible, vampiric 1
a: Exsanguinate


You were on level 1 of the Dungeon.
You visited 1 branch of the dungeon, and saw 1 of its levels.


Innate Abilities, Weirdness & Mutations

Your natural rate of healing is accelerated.
You have razor-sharp teeth.
You have supernaturally acute eyesight. (SInv)
You are afflicted with vampirism.


   Skills:
 + Level 0.0 Fighting
 + Level 1.1 Short Blades
 + Level 2.2 Dodging
 + Level 4.4 Stealth
 - Level 2.0 Spellcasting
 + Level 4.4 Hexes


You had 4 spell levels left.
You didn't know any spells.
Your spell library contained the following spells:

 Spells                   Type           Power      Damage    Failure   Level
 Confusing Touch          Hex            16%        N/A       10%         3
 Tukima's Dance           Hex            16%        N/A       10%         3
 Ensorcelled Hibernation  Hex/Ice        18%        N/A       12%         2
 Dazzling Flash           Conj/Hex       18%        N/A       24%         3

Inventory:

Hand Weapons
 a - a +1 dagger (weapon)
Armour
 b - a +0 robe (worn)
Potions
 c - 2 potions of invisibility

Dungeon Overview and Level Annotations

Branches:
Dungeon (1/15) Zot: 5907

Altars:

..........#####
.###..###.$...#
#.## ##.##.#
#.#.. #.##.# #
#.#...#†.#.#.#
..........##.#
#.......#bB..#
#g...b..##J###
(.......[#@#
#$##.##?##.# #
#.. ###..# ...#
..## ..# ###


You could see an endoplasm, a giant cockroach and a bat.


Message History

🤖 Initializing magus.rc ...
Options error: Bad monster_list_colour key: strict_neutral (~/.crawlrc:5444) Bad channel name for runrest: 'pray:' ✅ Successfully initialized magus.rc [v1.11.3] Welcome, spiderkeys the Vampire Enchanter.
The heart of this dungeon contains the fabled artefact, the Orb of Zot.
Press ? for a list of commands and other information.
Found a staircase leading out of the dungeon.
You open the gate.
There is an open gate here.
Key pressed, stopping explore.
You open the door.
Found an escape hatch in the floor.
There is an open door here.
There is an escape hatch in the floor here.
You open the door.
There is an open door here.
You open the door.
There is an open door here.
You see here an elf skeleton.
You see here a human skeleton.
You see here a human skeleton.
You open the door.
There is an open door here. 2 rats come into view.
The rat moves out of view.
A giant cockroach comes into view.
You closely miss the rat. You bite the rat.
The rat bites you but does no damage.
You hit the rat.
You kill the rat!
You hit the rat.
You kill the rat!
A hobgoblin and a bat come into view.
You see here a rat corpse.
An endoplasm comes into view.
The giant cockroach bites you. 😕 HP[-1]
You take 1 damage, and now have 12/13 hp.
You hit the giant cockroach but do no damage.
The giant cockroach bites you. 😕 HP[-1]
You take 1 damage, and now have 11/13 hp.
You completely miss the giant cockroach.
Your bite misses the giant cockroach.
The giant cockroach barely misses you. 😕 HP[+1] Unknown command.
The giant cockroach barely misses you.
You hit the bat. The bat closely misses you.
You hit the giant cockroach.
The giant cockroach barely misses you. 😎 HP[+1]
Your hp is fully restored (13).
You hit the giant cockroach but do no damage.
The giant cockroach bites you.
The giant cockroach misses you. 😕 HP[-2]
You take 2 damage, and now have 11/13 hp.
You hit the giant cockroach but do no damage.
The endoplasm hits you but does no damage.
The giant cockroach bites you. 😕 HP[-1]
You take 1 damage, and now have 10/13 hp.
You hit the giant cockroach. The endoplasm freezes you.
You are frozen.
The giant cockroach bites you but does no damage. 😮 HP[-1]
You take 1 damage, and now have 9/13 hp.
Unknown command.
You hit the endoplasm but do no damage.
The giant cockroach bites you but does no damage.
The endoplasm jiggles.
The endoplasm freezes you.
You are frozen.
* * * LOW HITPOINT WARNING * * *
😨 HP[-4]
You take 4 damage, and now have 5/13 hp.
MASSIVE DAMAGE!! (PAUSE)
You barely miss the endoplasm. You bite the endoplasm.
The giant cockroach closely misses you. The endoplasm hits you.
* * * LOW HITPOINT WARNING * * *
😱 HP[-2]
You take 2 damage, and now have 3/13 hp.
You barely miss the endoplasm. The giant cockroach barely misses you.
The endoplasm freezes you.
You are frozen.
* * * LOW HITPOINT WARNING * * *
The giant cockroach completely misses you. 😱 HP[-1]
You take 1 damage, and now have 2/13 hp.
Unknown command.
You barely miss the endoplasm. The endoplasm freezes you.
You are frozen.
You die...

Action                   || total
-------------------------++-------
Melee: Dagger            ||    14
       Bite              ||     2
Armor: Robe              ||     4
Dodge: Dodged            ||     8

Levels and vault maps discovered:
D:1:      beargit_arrival_diablo_church, layout_basic, minmay_three_crescents

Notes
Turn   | Place    | Note
-------+----------+-------------------------------------------
     0 | D:1      | spiderkeys the Vampire Enchanter began the quest for the
                  | Orb.
     0 | D:1      | Reached XP level 1. HP: 13/13 MP: 3/3
     0 | D:1      | magus.rc [v1.11.3]
    88 | D:1      | HP: 3/13 [endoplasm (3)]
    92 | D:1      | Frozen to death by an endoplasm

Vanquished Creatures
  2 rats (D:1)
2 creatures vanquished.

Table legend:
 A = Non-vault XP
 B = Vault XP
 C = Vault XP percentage of total XP
 D = Non-vault monster count
 E = Vault monster count
 F = Vault count percentage of total count
                 A         B        C        D         E       F
            +---------+---------+-------+---------+---------+-------
      Total |       1 |       1 |  50.0 |       1 |       1 |  50.0
            +---------+---------+-------+---------+---------+-------
        D:1 |       1 |       1 |  50.0 |       1 |       1 |  50.0
            +---------+---------+-------+---------+---------+-------

Illustrated notes

Table legend:
 A = Kills in this place as a percentage of kills in entire the game.
 B = Kills by you in this place as a percentage of kills by you in the entire game.
 C = Kills by friends in this place as a percentage of kills by friends in the entire game.
 D = Other kills in this place as a percentage of other kills in the entire game.
 E = Experience gained in this place as a percentage of experience gained in the entire game.
 F = Experience gained in this place divided by the number of levels of this place that you have seen.
                   A       B       C       D       E      F
               +-------+-------+-------+-------+-------+----------------------
         Total | 100.0 | 100.0 |   N/A |   N/A | 100.0 |   2.0
       Dungeon | 100.0 | 100.0 |   N/A |   N/A | 100.0 |   2.0
               +-------+-------+-------+-------+-------+----------------------

Table legend: (Time is in decaauts)
 A = Elapsed time spent in this place.
 B = Non-inter-level travel time spent in this place.
 C = Inter-level travel time spent in this place.
 D = Time resting spent in this place.
 E = Time spent auto-exploring this place.
 F = Levels seen in this place.
 G = Mean time per level.
                   A        B        C        D        E       F      G
               +--------+--------+--------+--------+--------+-----+--------+
         Total |     91 |     91 |      0 |      0 |     69 |   1 |   91.0 |
       Dungeon |     91 |     91 |      0 |      0 |     69 |   1 |   91.0 |
               +--------+--------+--------+--------+--------+-----+--------+

Top non-repeatable levels by time:
     D:1: 91 daAuts
